 Dungeon Crawl Stone Soup version 0.29.0-15-g675c0067aa (webtiles) character file.

Game seed: 14673963542966678717

2552 LabCoat the Cleaver (level 9, 0/79 HPs)
             Began as a Hill Orc Fighter on Sept 11, 2022.
             Was an Initiate of Trog.
             Succumbed to a gnoll's poison
             ... on level 8 of the Dungeon.
             The game lasted 00:22:00 (7407 turns).

LabCoat the Cleaver (Hill Orc Fighter)              Turns: 7407, Time: 00:22:01

Health: 0/79       AC: 19    Str: 23    XL:     9   Next: 56%
Magic:  9/9        EV:  6    Int:  8    God:    Trog [......]
Gold:   770        SH:  5    Dex: 10    Spells: 8/8 levels left

rFire   . . .      SeeInvis .   a - +1 war axe (flame)
rCold   . . .      Faith    .   c - +0 buckler
rNeg    . . .      Spirit   .   y - +0 plate armour
rPois   .          Reflect  .   j - +0 helmet
rElec   .          Harm     .   g - +1 cloak
rCorr   .          Rampage  .   (no gloves)
Will    .....                   s - +2 pair of boots
Stlth   ..........              (no amulet)
HPRegen 0.23/turn               (no ring)
MPRegen 0.11/turn               (no ring)

@: lethally poisoned (0 -> -6), attractive, hasted, very quick
A: no striking features
a: Renounce Religion


You were on level 8 of the Dungeon.
You worshipped Trog.
Trog was noncommittal.
You visited 2 branches of the dungeon, and saw 9 of its levels.
You also visited: Ossuary.

You collected 770 gold pieces.

Inventory:

Hand Weapons
 a - a +1 war axe of flaming (weapon)
 v - a +0 flail
 w - a +2 whip of electrocution
 x - a +0 flail of protection
Missiles
 n - a poisoned dart (quivered)
 u - a throwing net
Armour
 c - a +0 buckler (worn)
 g - a +1 cloak (worn)
 j - a +0 helmet (worn)
 s - a +2 pair of boots (worn)
 y - a +0 plate armour (worn)
Wands
 o - a wand of mindburst (5)
 p - a wand of quicksilver (17)
Scrolls
 b - 4 scrolls of teleportation
 i - 2 scrolls of magic mapping {unknown}
 A - 2 scrolls of summoning {unknown}
 B - a scroll of fog
Potions
 d - 2 potions of magic
 e - a potion of attraction
 f - 2 potions of lignification
 h - 4 potions of brilliance
 k - a potion of curing {unknown}
 m - 3 potions of flight
 t - a potion of mutation {unknown}
 z - a potion of cancellation {unknown}


   Skills:
 + Level 7.0 Fighting
 * Level 9.5 Axes
 + Level 4.0 Throwing
 + Level 6.3 Armour
 + Level 6.3 Shields
 + Level 3.7 Evocations


You had 8 spell levels left.
You didn't know any spells.
Your spell library contained the following spells:

 Spells                   Type           Power      Damage    Failure   Level
 Sandblast                Erth           0%         2d4       100%        1
 Passwall                 Tmut/Erth      0%         N/A       100%        2
 Static Discharge         Conj/Air       0%         3-3/arc   100%        2
 Stone Arrow              Conj/Erth      0%         3d7       100%        3
 Dispel Undead            Necr           0%         3d6       100%        4
 Sticky Flame             Conj/Fire      0%         2d3       100%        4


Dungeon Overview and Level Annotations

Branches:
Dungeon (8/15)             Temple (1/1) D:6         Ossuary (visited)
   Lair: D:8-11

Altars:
Ashenzari
Cheibriados
Dithmenos
Elyvilon
Fedhas
Gozag
Hepliaklqana
Kikubaaqudgha
Makhleb
Nemelex Xobeh
Okawaru
Qazlal
Ru
Sif Muna
Trog
Uskayaw
Vehumet
Wu Jian
Xom
Yredelemnul
Zin
The Shining One

Shops:
D:2 [   D:3 :


Message History

The gnoll hits you but does no damage. x2
You hit the gnoll but do no damage. You hit the gnoll. You burn the gnoll.
You kill the gnoll!
Trog accepts your kill.
You feel very sick. The gnoll hits you but does no damage.
You are more poisoned.
You slash the gnoll! You burn the gnoll.
You kill the gnoll!
Trog accepts your kill.
You barely miss the warg.
You feel very sick. You block the warg's attack.
You barely miss the warg. You closely miss the gnoll.
You feel very sick. The warg bites you. You block the warg's attack.
The gnoll hits you with a +0 whip.
It was a potion of attraction.
You feel attractive to monsters.
You feel very sick. The warg bites you!
* * * LOW HITPOINT WARNING * * *
The gnoll completely misses you.
Okay, then.
As you read the scroll of teleportation, it crumbles to dust.
You feel strangely unstable.
You feel very sick. The warg bites you but does no damage.
The orc priest miscasts a cantrip.
The gnoll barely misses you.
You slash the gnoll! You burn the gnoll.
You kill the gnoll!
Trog accepts your kill.
You closely miss the warg.
You feel sick. The warg bites you!
* * * LOW HITPOINT WARNING * * *
You block the warg's attack.
It was a potion of haste.
You feel yourself speed up.
Your surroundings suddenly seem different.
Found 9 gold pieces.
You die...

##... .#.
.... .#..
... ###.
#######.#
#.@.....#
#.#####...
#. #. ..
#$ #. ##


There were no monsters in sight!

Vanquished Creatures
  A two-headed ogre (D:8)
  A steam dragon (D:6)
  A water moccasin (D:7)
  Pargi (D:3)
  An orc warrior (D:6)
  2 black bears
  An ogre (D:4)
  2 centaurs (D:7)
  A kobold brigand (D:7)
  3 bullfrogs (D:8)
  A scorpion (D:7)
  A gnoll sergeant (D:8)
  A howler monkey (D:7)
  A centaur zombie (Ossuary)
  A human zombie (Ossuary)
  An orc priest (D:8)
  3 hounds
  2 iguanas (D:6)
  Ijyb (D:4)
  Terence (D:2)
  3 orc wizards
  2 mummies (Ossuary)
  Robin (D:4)
  7 gnolls
  6 adders
  A white imp (D:7)
  An ufetubus (D:5)
  2 worms
  8 dart slugs
  18 orcs
  6 ball pythons
  8 endoplasms
  3 giant cockroaches
  16 goblins
  12 hobgoblins
  14 jackals
  3 kobolds
  A quokka (D:4)
  4 bats
  7 frilled lizards
  A gnoll zombie (Ossuary)
  A goblin zombie (Ossuary)
  5 hobgoblin zombies (Ossuary)
  5 orc zombies (Ossuary)
  7 rats
169 creatures vanquished.

Notes
Turn   | Place    | Note
-------+----------+-------------------------------------------
     0 | D:1      | LabCoat the Hill Orc Fighter began the quest for the Orb.
     0 | D:1      | Reached XP level 1. HP: 19/19 MP: 1/1
   173 | D:1      | Reached XP level 2. HP: 27/27 MP: 2/2
   201 | D:1      | Reached skill level 3 in Axes
   567 | D:1      | Reached XP level 3. HP: 28/33 MP: 3/3
  1216 | D:2      | Found a sparkling altar of Nemelex Xobeh.
  1273 | D:2      | Found Tiacuqex's Armour Shop.
  1473 | D:2      | Noticed Terence
  1481 | D:2      | Killed Terence
  1482 | D:2      | Reached skill level 4 in Axes
  1482 | D:2      | Reached XP level 4. HP: 35/40 MP: 4/4
  1566 | D:2      | Found a faded altar of an unknown god.
  2227 | D:3      | Reached XP level 5. HP: 47/47 MP: 5/5
  2514 | D:3      | Noticed Pargi
  2534 | D:3      | Killed Pargi
  2535 | D:3      | Reached skill level 5 in Axes
  2535 | D:3      | Reached skill level 1 in Throwing
  2535 | D:3      | Reached XP level 6. HP: 22/55 MP: 6/6
  2863 | D:3      | Found Xuddyxacu's Vocational Training.
  3515 | D:4      | Noticed Robin
  3540 | D:4      | Killed Robin
  3544 | D:4      | Reached skill level 5 in Fighting
  3670 | D:4      | Found a shadowy altar of Dithmenos.
  3814 | D:4      | Found a blossoming altar of Fedhas.
  3818 | D:4      | Found an ornate altar of the Wu Jian Council.
  3906 | D:4      | Noticed Ijyb
  3909 | D:4      | Killed Ijyb
  3910 | D:4      | Reached XP level 7. HP: 61/61 MP: 7/7
  4020 | D:4      | Reached skill level 6 in Axes
  4249 | D:5      | Entered Level 5 of the Dungeon
  4578 | D:5      | Reached skill level 1 in Evocations
  4718 | D:5      | You fall into a shaft and drop 2 floors!
  4913 | D:7      | Found a sand-covered staircase.
  4917 | Ossuary  | Entered an ossuary
  5173 | D:7      | Found a white marble altar of Elyvilon.
  5331 | D:7      | Reached skill level 5 in Armour
  5335 | D:7      | Reached skill level 7 in Axes
  5335 | D:7      | Reached skill level 5 in Shields
  5335 | D:7      | Reached XP level 8. HP: 65/70 MP: 8/8
  5823 | D:6      | Found an opulent altar of Gozag.
  6029 | D:6      | Found a staircase to the Ecumenical Temple.
  6038 | Temple   | Entered the Ecumenical Temple
  6042 | Temple   | Became a worshipper of Trog the Wrathful
  6740 | D:7      | Reached skill level 8 in Axes
  6917 | D:7      | Identified the +10 dagger of Kesm {flame, *Slow rElec Will+
                  | MP+9}
  7117 | D:8      | Noticed a two-headed ogre
  7132 | D:8      | Killed a two-headed ogre
  7133 | D:8      | Reached skill level 9 in Axes
  7133 | D:8      | Reached XP level 9. HP: 41/78 MP: 9/9
  7406 | D:8      | HP: 2/79 [warg (13)]
  7407 | D:8      | Succumbed to a gnoll's poison

Illustrated notes

Levels and vault maps discovered:
D:1:      minmay_arrival_glassed_features, layout_basic
D:2:      layout_basic, serial_shops, shop, basic_ecumenical_altar, basic_altar,
          uniq_terence
D:3:      layout_basic, serial_glass, glass_columns_a, glass_columns_b,
          nicolae_shop_vocational, uniq_pargi
D:4:      layout_loops_ring, grunt_dithmenos_smoke, grunt_temple_overflow_open,
          uniq_ijyb, uniq_robin
D:5:      layout_basic, serial_curves, eino_curves_03, eino_curves_04,
          eino_curves_02, minmay_misc_feat_hallway
D:6:      layout_loops_ring, nicolae_overflow_crystal_walls,
          minmay_temple_entry_large_hall
D:7:      layout_basic, mainiacjoe_overflow_chevrons, nicolae_ossuary_entry_plus
D:8:      layout_loops_cross, erik_lair_orcish_takeover
Temple:   sentei_temple_godly_chess

Skill      XL: |  1  2  3  4  5  6  7  8  9 |
---------------+----------------------------+-----
Axes           | 3 4 5 7 9 |  9.5
Fighting       | 4 5 6 7 |  7.0
Armour         | 4 5 6 |  6.3
Shields        | 4 5 6 |  6.3
Throwing       | 1 2 3 4 |  4.0
Evocations     | 1 3 |  3.7

Action                   |  1- 3 |  4- 6 |  7- 9 || total
-------------------------+-------+-------+-------++-------
Melee: War axe           |   129 |   145 |   183 ||   457
Throw: Boomerang         |     1 |     5 |    38 ||    44
       Dart              |       |    22 |     3 ||    25
       Throwing net      |       |       |     3 ||     3
Evoke: Wand              |       |    12 |    10 ||    22
  Use: Scroll            |     4 |     4 |     7 ||    15
       Potion            |     1 |       |     6 ||     7
Armor: Scale mail        |    49 |       |       ||    49
       Chain mail        |       |    98 |    74 ||   172
       Plate armour      |       |       |    72 ||    72
Dodge: Dodged            |    76 |    59 |    72 ||   207
Block: Buckler           |    26 |    30 |    47 ||   103
